[Event "*** Titled Tuesday Blitz"]
[Site "Chess.com"]
[Date "2018.10.02"]
[Round "4"]
[White "Witik"]
[Black "JonahWillow"]
[Result "1/2-1/2"]
[WhiteElo "2558"]
[BlackElo "2702"]
[TimeControl "180+2"]
[EndTime "13:53:20 PDT"]
[Termination "Game drawn by 50-move rule"]

1. d4 Nf6 2. Bf4 e6 3. e3 c5 4.
Nd2 cxd4 5. exd4 Be7 6. Bd3 O-O 7. Ngf3 b6 8. O-O Bb7 9. Re1 d6 10. h3 Nbd7 11. Bh2 Re8 12. c3 Qc7 13. a4 a6 14.
Bf1 Bf8 15. Qb3 e5 16. dxe5 dxe5 17. Bc4 Nc5 18. Qa2 Ncd7 19. Bxf7+ Kh8 20. Bxe8 Rxe8 21.
Qc4 Qb8 22. Ng5 Re7 23. Nf7+ Rxf7 24. b4 Re7 25. Re2 Qc8 26. Qxc8 Bxc8 27. Nc4 Bb7 28.
Nxe5 Nxe5 29. Rxe5 Rd7 30. Re2 h6 31. Be5 Be7 32.
Raa2 Bd5 33. Rad2 Bc6 34. Rxd7 Bxd7 35. Bd4 Bd8 36. a5 bxa5 37. bxa5 Nd5 38. c4 Nf4 39.
Rd2 Be6 40. Bxg7+ Kxg7 41. Rxd8 Bxc4 42. Kh2 Bb5 43. g4 Ne6 44. Rb8 Nd4 45. f4 Kf6 46. Rb6+ Nc6 47. h4 Kg6 48. Kg3 Kg7 49. f5 Nxa5 50. g5 hxg5 51. hxg5 Nc4 52. Rb7+ Kf8 53. g6 Nd6 54. Rb8+ Kg7 55. Kf4 Bd3 56. Rd8 Bxf5 57.
Rxd6 Bxg6 58. Rxa6 Kf7 59. Ke5 Bh7 60. Rf6+ Kg7 61.
Rd6 Kh8 62. Kf6 Bb1 63. Rd4 Kg8 64. Rg4+ Kh7 65. Rg7+ Kh8 66. Rb7 Bc2 67. Rc7 Bb1 68.
Kg5 Kg8 69. Kf6 Kh8 70. Rc5 Kg8 71. Rg5+ Kh7 72. Rg1 Ba2 73. Rh1+ Kg8 74. Rh2 Bd5 75. Rd2 Bc6 76. Rd6 Ba4 77. Rd8+ Kh7 78. Rd3 Kg8 79. Rg3+ Kh7 80. Kf7 Kh6 81. Kf6 Kh7 82. Rg7+ Kh8 83.
Kg6 Bc2+ 84. Kh6 Bb3 85. Rb7 Bc4 86. Rc7 Ba2 87. Kg5 Kg8 88. Kf6 Kh8 89. Rc3 Kh7 90. Rg3 Kh8 91. Rg2 Bb3 92. Rg3 Ba2 93.
Kg6 Bb1+ 94. Kh6 Ba2 95. Rg7 Bb3 96. Kg6 Bc2+ 97. Kf6 Bb1 98. Rb7 Bc2 99. Rb8+ Kh7 100. Rb2 Bd3 101. Rd2 Bb1 102. Rg2 Bd3 103. Rg7+ Kh8 104. Kf7 Bc4+ 105. Kf8 Bd3 106. Rg4 Bf5 107. Rf4 Bb1 108.
Kf7 Ba2+ 109. Kg6 Bb1+ 110. Kh6 Kg8 111. Rf6 Ba2 112. Rb6 Bc4 113. Kg6 Bd3+ 114. Kf6 Kh8 115. Rb4 Bc2 116. Rh4+ Kg8 117. Rg4+ Kh7 118. Rd4 Bb1 119. Rd7+ Kg8 120.
Rc7 Bd3 121. Ke5 1/2-1/2

[Event "*** Titled Tuesday Blitz"]
[Site "Chess.com"]
[Date "2018.10.02"]
[Round "4"]
[White "Rashad_Zeynalli"]
[Black "dmosesov"]
[Result "1/2-1/2"]
[WhiteElo "2333"]
[BlackElo "2313"]
[TimeControl "180+2"]
[EndTime "13:55:03 PDT"]
[Termination "Game drawn by 50-move rule"]

1. e4 c5 2. Nf3 e6 3. d4 cxd4 4.
Nxd4 Nc6 5. Nc3 Qc7 6. Be3 a6 7. Qd2 Nf6 8. O-O-O Bb4 9. f3 Ne5 10. Nb3 O-O 11. Qd4 Nc6 12. Qd2 Na5 13. Bd4 Nxb3+ 14.
axb3 Qa5 15. Kb1 e5 16. Be3 b5 17. g4 d5 18. exd5 Bb7 19. Qd3 Rac8 20. Bd2 Rfd8 21.
Na2 Bxd2 22. Qxd2 Qxd2 23. Rxd2 Bxd5 24. Be2 Bb7 25. Rhd1 Rxd2 26. Rxd2 e4 27. fxe4 Nxe4 28. Rd7 Nc5 29. Re7 Kf8 30. Re5 f6 31. Re3 Rd8 32.
Kc1 Nd7 33. c4 Ne5 34. h3 Rc8 35. Rc3 bxc4 36. bxc4 Nc6 37. b3 Nd4 38. Bd1 Re8 39. Rd3 Nc6 40. Rd7 Bc8 41. Rc7 Ne5 42. Nb4 Rd8 43. Nd5 Be6 44. Nf4 Bf7 45. Ra7 Rd6 46.
c5 Rc6 47. b4 g5 48. Ba4 gxf4 49. Bxc6 Nxc6 50. Rxa6 Nxb4 51. Rxf6 Nd3+ 52. Kd2 Nxc5 53. Rxf4 Kg7 54. Rb4 Ne6 55. Ke3 Kg6 56. h4 h6 57.
Rb6 Kg7 58. Ke4 Nc5+ 59. Kf5 Nd3 60. g5 hxg5 61. hxg5 Nc5 62. g6 Be6+ 63. Kg5 Bd7 64.
Kh5 Ne6 65. Rb7 Nf8 66. Kg5 Ne6+ 67. Kh5 Nf8 68. Ra7 Kf6 69. Kh6 Nxg6 70. Rxd7 Ne5 71.
Rd6+ Kf5 72. Kg7 Ke4 73. Kf6 Ng4+ 74. Ke6 Ne5 75. Ra6 Nc4 76. Ra4 Kd4 77. Ra1 Ne3 78. Rc1 Nc4 79. Rd1+ Ke4 80. Rd8 Ne3 81.
Rh8 Kf4 82. Rh4+ Ng4 83. Kd5 Kf5 84. Rh1 Kf4 85. Rf1+ Ke3 86. Rf8 Kd3 87. Rf3+ Ne3+ 88. Ke5 Ke2 89. Ke4 Nf1 90. Rh3 Nd2+ 91. Kd4 Nf3+ 92.
Kd5 Ke3 93. Rh8 Kd3 94. Re8 Nd4 95. Rh8 Nc2 96. Rh3+ Ne3+ 97. Ke5 Ke2 98. Ke4 Nf1 99. Ra3 Nd2+ 100. Kf4 Nf1 101. Ke4 Nd2+ 102. Kd4 Nf3+ 103. Ke4 Nd2+ 104. Kf4 Nf1 105. Rb3 Nd2 106. Re3+ Kd1 107. Rd3 Kc2 108. Ke3 Nc4+ 109. Kd4 Nd2 110. Rc3+ Kd1 111. Ke3 Nb1 112. Rc8 Na3 113. Kd3 Nb1 114. Rc7 Na3 115. Rb7 Kc1 116. Rb4 Nb1 117. Rb3 Nd2 118. Rc3+ Kd1 119. Ra3 Kc1 120. Ra8 Nb1 121. Ra7 Kb2 1/2-1/2

[Event "*** Titled Tuesday Blitz"]
[Site "Chess.com"]
[Date "2018.10.02"]
[Round "5"]
[White "woodhy"]
[Black "maciek_92"]
[Result "0-1"]
[WhiteElo "2411"]
[BlackElo "2636"]
[TimeControl "180+2"]
[EndTime "13:57:26 PDT"]
[Termination "maciek_92 won by checkmate"]

1. e4 c5 2. Nf3 e6 3. d4 cxd4 4. Nxd4 Nc6 5. c4 Nf6 6. Nc3 Bb4 7.
Nxc6 bxc6 8. Bd3 Qc7 9. O-O h5 10. f4 Bc5+ 11. Kh1 d6 12. Qe2 e5 13. f5 Rb8 14. a3 Bd4 15. Nd1 h4 16. Be3 Qb6 17.
Bxd4 Qxd4 18. Nc3 Nh5 19. Rad1 Ng3+ 20. hxg3 hxg3+ 21. Qh5 Rxh5# 0-1

[Event "*** Titled Tuesday Blitz"]
[Site "Chess.com"]
[Date "2018.10.02"]
[Round "5"]
[White "FearNoEvil12"]
[Black "Eliwood44"]
[Result "1-0"]
[WhiteElo "2032"]
[BlackElo "2196"]
[TimeControl "180+2"]
[EndTime "13:58:04 PDT"]
[Termination "FearNoEvil12 won by resignation"]

1. e4 e5 2. d4 exd4 3. Bc4 Nf6 4. Nf3 Nxe4 5. Qxd4 Nd6 6. O-O Nxc4 7. Re1+ Be7 8. Qxg7 Rf8 9. Bh6 d5 10. Qxf8+ Kd7 11.
Qxf7 c6 12. Nc3 Nd6 13. Qxh7 Kc7 14. Bf4 Bg4 15. Nd4 Qd7 16. Rxe7 1-0

[Event "*** Titled Tuesday Blitz"]
[Site "Chess.com"]
[Date "2018.10.02"]
[Round "5"]
[White "PowerThinking2650"]
[Black "Supernotar"]
[Result "1-0"]
[WhiteElo "2333"]
[BlackElo "2392"]
[TimeControl "180+2"]
[EndTime "13:58:45 PDT"]
[Termination "PowerThinking2650 won by resignation"]

1. e4 c6 2. d4 d5 3. Nc3 dxe4 4. Nxe4 Bf5 5. Ng3 Bg6 6. Nf3 Nd7 7. Bd3 Ngf6 8. O-O e6 9. Re1 Be7 10. b3 O-O 11. Bb2 Qc7 12. c4 Rfe8 13. Ne5 Bxd3 14. Qxd3 Rad8 15. Qf3 Nf8 16. Rad1 Ng6 17. Nxg6 hxg6 18.
h4 Rd7 19. h5 gxh5 20. Nxh5 Nxh5 21. Qxh5 Bf6 22. Rd3 Red8 23. Rh3 g6 24. Qh7+ Kf8 25. Ba3+ Re7 26. Rf3 Bg7 27. Qxg6 Kg8 1-0

[Event "*** Titled Tuesday Blitz"]
[Site "Chess.com"]
[Date "2018.10.02"]
[Round "5"]
[White "BasilSmash"]
[Black "Iball95"]
[Result "0-1"]
[WhiteElo "2397"]
[BlackElo "2585"]
[TimeControl "180+2"]
[EndTime "13:59:48 PDT"]
[Termination "Iball95 won by resignation"]

1. d4 Nf6 2. Bf4 c5 3. d5 g6 4.
Nc3 Bg7 5. e4 O-O 6. Nf3 d6 7. h3 b5 8. Bxb5 Nxe4 9. Nxe4 Qa5+ 10.
c3 Qxb5 11. Qe2 Qa4 12. O-O Ba6 13. Qe3 Bxf1 14. Rxf1 Nd7 15. Bh6 Qxa2 16. Qf4 Qxd5 17. Qh4 f6 18. Re1 Rab8 19. c4 Qh5 20. Qxh5 gxh5 21.
Bxg7 Kxg7 22. Ng3 Ne5 23. Nxh5+ Kf7 24. Nh4 Rxb2 25. Nf5 a5 26. f4 Nc6 27. g4 a4 28.
Nhg7 a3 29. Ne6 a2 30. Nh6+ Ke8 0-1

[Event "*** Titled Tuesday Blitz"]
[Site "Chess.com"]
[Date "2018.10.02"]
[Round "5"]
[White "ViktorMatviishen"]
[Black "mishanick"]
[Result "0-1"]
[WhiteElo "2477"]
[BlackElo "2847"]
[TimeControl "180+2"]
[EndTime "14:00:05 PDT"]
[Termination "mishanick won by resignation"]

1. d4 Nf6 2. c4 e6 3. Nf3 d5 4.
g3 Bb4+ 5. Bd2 Be7 6. Bg2 c6 7. Qc2 O-O 8. O-O b6 9. b3 a5 10. Nc3 Ba6 11. Ne5 Nfd7 12. Rfd1 Nxe5 13. dxe5 Nd7 14.
Bf4 g5 15. Be3 Nxe5 16. h3 Bf6 17. Rac1 Rc8 18. Ne4 Be7 19. Nxg5 Bxg5 20. f4 Bh6 21. g4 Ng6 22. g5 Bg7 23. Qd2 Qd6 24. Bxb6 Nxf4 25. e3 Nxg2 26. Qxg2 c5 27. Bxa5 Bb7 28.
Bc3 d4 0-1

[Event "*** Titled Tuesday Blitz"]
[Site "Chess.com"]
[Date "2018.10.02"]
[Round "5"]
[White "Thjop"]
[Black "hurricane7791"]
[Result "1/2-1/2"]
[WhiteElo "2626"]
[BlackElo "2689"]
[TimeControl "180+2"]
[EndTime "14:00:35 PDT"]
[Termination "Game drawn by agreement"]

1. e4 c5 2. Nf3 d6 3. Bb5+ Nc6 4. O-O Bd7 5. c3 a6 6. Ba4 Nf6 7. Re1 c4 8. Bc2 e6 9. a4 b5 10. axb5 axb5 11. Rxa8 Qxa8 12. Na3 Qb7 13. d4 cxd3 14. Bxd3 Ne5 15. Nxe5 dxe5 16. b4 Be7 17. Qe2 O-O 18.
Bg5 Rb8 19. Ra1 Bc6 20. Bxf6 Bxf6 21. Nxb5 Ra8 22. Rxa8+ Qxa8 23. g3 Bxb5 24. Bxb5 Qa1+ 25. Kg2 Qxc3 26. Qc4 Qxc4 27. Bxc4 Be7 28. b5 Bc5 29. f3 Kf8 30. Kf1 Ke7 31. Ke2 Kd6 32. Kd3 g5 33. h3 f5 34. g4 f4 35. Kc3 h6 36. Bb3 Bd4+ 37. Kc4 Bb6 38. Kb4 Kd7 39. Bc2 Kd6 40. Bd3 Kd7 41. Bc4 Kd6 42. Bb3 Kd7 43.
Kc4 Kd6 44. Bd1 Kd7 1/2-1/2

[Event "*** Titled Tuesday Blitz"]
[Site "Chess.com"]
[Date "2018.10.02"]
[Round "5"]
[White "ShimanovAlex"]
[Black "evgenysharapov"]
[Result "1-0"]
[WhiteElo "2724"]
[BlackElo "2453"]
[TimeControl "180+2"]
[EndTime "14:00:38 PDT"]
[Termination "ShimanovAlex won by checkmate"]

1. e4 c6 2. Nf3 d5 3. exd5 cxd5 4. Ne5 Nf6 5. d4 g6 6. Bb5+ Bd7 7. Nxd7 Nbxd7 8. O-O Bg7 9. c3 O-O 10. Re1 a6 11.
Bd3 e6 12. Nd2 b5 13. Nf3 Qb6 14. a3 a5 15. Bd2 Rfc8 16. Qe2 Rab8 17. h4 Ne8 18.
Bf4 Rb7 19. h5 Ndf6 20. hxg6 hxg6 21. Ng5 Nd6 22. Bxg6 Nfe8 23. Bh7+ Kf8 24. Nxe6+ fxe6 25. Qxe6 Rd8 26. Qg8# 1-0

[Event "*** Titled Tuesday Blitz"]
[Site "Chess.com"]
[Date "2018.10.02"]
[Round "5"]
[White "pedromartinez91"]
[Black "mjray79"]
[Result "0-1"]
[WhiteElo "2347"]
[BlackElo "2139"]
[TimeControl "180+2"]
[EndTime "14:00:40 PDT"]
[Termination "mjray79 won on time"]

1. Nf3 Nf6 2. g3 e6 3. Bg2 d5 4. O-O c6 5. c4 Be7 6. d4 O-O 7.
Nc3 Nbd7 8. Qd3 b6 9. e4 dxe4 10. Nxe4 Bb7 11. Nxf6+ Nxf6 12. Ne5 Qc7 13. Bf4 Bd6 14.
Rfe1 Rad8 15. Qc3 Qe7 16. Nxc6 Bxc6 17. Bxc6 Bxf4 18. gxf4 Qd6 19. Bg2 Qxf4 0-1

[Event "*** Titled Tuesday Blitz"]
[Site "Chess.com"]
[Date "2018.10.02"]
[Round "5"]
[White "ENEASZ"]
[Black "Zhuu96"]
[Result "0-1"]
[WhiteElo "2571"]
[BlackElo "2886"]
[TimeControl "180+2"]
[EndTime "14:00:53 PDT"]
[Termination "Zhuu96 won by resignation"]

1. e4 c5 2. c3 e6 3. d4 d5 4.
exd5 exd5 5. Bd3 Nf6 6. Nf3 c4 7. Bc2 Bd6 8. O-O O-O 9. Bg5 h6 10. Bh4 Re8 11. Nbd2 Nc6 12. b4 Bg4 13. a4 g5 14. Bg3 Bxg3 15. fxg3 Ne4 16. Ra3 f5 17. Qc1 Qd6 18. b5 Ne7 19. Bxe4 fxe4 20. Ne5 Be2 21.
Rf2 Bd3 22. Nf1 Rf8 23. Raa2 Bxf1 24. Qxf1 e3 25. Rf3 Ng6 26. Nf7 Qe6 27. Nxh6+ Kh7 28. Nf5 g4 29. Rxe3 Qxf5 30. Qxf5 Rxf5 31. a5 Raf8 32. h3 Rf1+ 33. Kh2 Rb1 0-1

[Event "*** Titled Tuesday Blitz"]
[Site "Chess.com"]
[Date "2018.10.02"]
[Round "5"]
[White "Tjktiger"]
[Black "Kirill_Klukin"]
[Result "1-0"]
[WhiteElo "2712"]
[BlackElo "2606"]
[TimeControl "180+2"]
[EndTime "14:01:19 PDT"]
[Termination "Tjktiger won by resignation"]

1. d4 Nf6 2. c4 e6 3. Nc3 d5 4. cxd5 exd5 5. Bg5 Bb4 6. e3 Nbd7 7. Bd3 c5 8. Ne2 Qa5 9. O-O h5 10. dxc5 Bxc5 11.
a3 Be7 12. b4 Qb6 13. Nf4 Qd6 14. Rc1 a6 15. Re1 O-O 16. Ncxd5 Nxd5 17. Bxe7 Qxe7 18. Nxd5 Qg5 19. f4 Qh6 20. Bf5 Qd6 21. Nc7 1-0

[Event "*** Titled Tuesday Blitz"]
[Site "Chess.com"]
[Date "2018.10.02"]
[Round "5"]
[White "alishersuleymenov"]
[Black "Caterpiller35"]
[Result "1-0"]
[WhiteElo "2486"]
[BlackElo "2317"]
[TimeControl "180+2"]
[EndTime "14:01:21 PDT"]
[Termination "alishersuleymenov won by resignation"]

1. d4 Nf6 2. c4 e6 3. g3 c5 4. Nf3 cxd4 5. Nxd4 Nc6 6. Bg2 Qb6 7. Nb3 Ne5 8. Qc2 Bb4+ 9. N1d2 d6 10. O-O h5 11. Nf3 Nxf3+ 12. Bxf3 h4 13. Be3 Qc7 14. c5 hxg3 15. fxg3 Bxc5 16. Nxc5 dxc5 17. Qxc5 Qxc5 18.
Bxc5 Bd7 19. Bxb7 Rb8 20. Bf3 Rxb2 21. Bxa7 O-O 22. Bd4 Rc2 23. Rfc1 Rd2 24. Rd1 Rxd1+ 25. Rxd1 Nd5 26. e4 Nb4 27. Bc5 1-0

[Event "*** Titled Tuesday Blitz"]
[Site "Chess.com"]
[Date "2018.10.02"]
[Round "5"]
[White "AvitalBor"]
[Black "Indianlad"]
[Result "0-1"]
[WhiteElo "2589"]
[BlackElo "2823"]
[TimeControl "180+2"]
[EndTime "14:01:32 PDT"]
[Termination "Indianlad won by resignation"]

1. e4 e5 2. Nf3 Nc6 3. Bb5 a6 4. Ba4 d6 5. c4 Bg4 6. O-O Ne7 7. h3 Bxf3 8. Qxf3 g6 9. Nc3 Bg7 10. Nd5 O-O 11. Nxe7+ Nxe7 12. d3 c6 13. Bg5 f6 14. Bd2 f5 15. b4 fxe4 16. Qxe4 d5 17. cxd5 cxd5 18. Qe2 Nf5 19. Rac1 Kh8 20. Bc3 b5 21.
Bb3 Qd6 22. a4 Rac8 23. Qa2 Bh6 24. Rc2 d4 25. Bb2 Rxc2 26. Bxc2 Ne3 27. Rc1 Qc6 28. fxe3 Bxe3+ 29. Kh1 Bxc1 30. Bxc1 Rf2 0-1

[Event "*** Titled Tuesday Blitz"]
[Site "Chess.com"]
[Date "2018.10.02"]
[Round "5"]
[White "kharov2001"]
[Black "tteshan"]
[Result "1-0"]
[WhiteElo "2193"]
[BlackElo "2020"]
[TimeControl "180+2"]
[EndTime "14:01:38 PDT"]
[Termination "kharov2001 won by resignation"]

1. e4 c5 2. Nf3 Nc6 3. Bb5 e6 4.
O-O Nge7 5. Re1 a6 6. Bf1 g6 7. c3 Bg7 8. d4 cxd4 9. cxd4 Qb6 10. d5 Bxb2 11. Bxb2 Qxb2 12. Nbd2 Nd4 13. Nc4 Nxf3+ 14.
Qxf3 Qb4 15. Rab1 Qc5 16. Nb6 Rb8 17. Qg3 d6 18. Rec1 Qd4 19. Qxd6 Nc6 20. Rxc6 bxc6 21.
Qxb8 O-O 22. Nxc8 1-0

[Event "*** Titled Tuesday Blitz"]
[Site "Chess.com"]
[Date "2018.10.02"]
[Round "5"]
[White "topotun"]
[Black "Quiet_Desperation"]
[Result "1-0"]
[WhiteElo "2701"]
[BlackElo "1914"]
[TimeControl "180+2"]
[EndTime "14:01:44 PDT"]
[Termination "topotun won by resignation"]

1. e4 Nc6 2. Nf3 d6 3. d4 Nf6 4.
Nc3 d5 5. e5 Ne4 6. Ne2 Bf5 7.
c3 e6 8. Ng3 Nxg3 9. hxg3 Be7 10. Bd3 Bg4 11. Qc2 Qd7 12. Nh2 Bh5 13. g4 Bg6 14. f4 Bxd3 15. Qxd3 O-O-O 16. Nf3 h6 17. Be3 Na5 18. b3 Kb8 19. Ke2 Rc8 20. Rh5 b6 21. Rah1 Rhf8 22. g5 hxg5 23. fxg5 Nb7 24. g6 c5 25. Rh7 fxg6 26. Rxg7 c4 27. bxc4 Rxc4 28. Rhh7 Re8 29. Bg5 Qc6 30. Rxe7 Rxe7 31. Rxe7 Rxc3 32. Qxg6 Qc4+ 33. Kf2 Qxa2+ 34. Kg3 Rc2 35.
Re8+ Kc7 36. Qf7+ Kc6 37. Rc8+ Kb5 38. Rxc2 Qxc2 39. Qxb7 a5 40. Qd7+ Kc4 41. Qc6+ Kb3 42. Qxb6+ 1-0

[Event "*** Titled Tuesday Blitz"]
[Site "Chess.com"]
[Date "2018.10.02"]
[Round "5"]
[White "lavr92"]
[Black "pKiLz5Rn9b"]
[Result "0-1"]
[WhiteElo "2519"]
[BlackElo "2796"]
[TimeControl "180+2"]
[EndTime "14:01:54 PDT"]
[Termination "pKiLz5Rn9b won by resignation"]

1. d4 Nf6 2. c4 e6 3. Nc3 Bb4 4.
g3 O-O 5. Bg2 Nc6 6. Nf3 Bxc3+ 7. bxc3 b6 8. O-O Ba6 9. Ne5 Na5 10. Bxa8 Qxa8 11. Bg5 Ne4 12. Bd2 d6 13. Nd3 Nxc4 14.
Be1 Re8 15. Qc1 e5 16. f3 Nf6 17. e4 Nxe4 18. fxe4 Qxe4 19. Nf2 Qd5 20. Qc2 Ne3 21. Qe4 Qxe4 22. Nxe4 Nxf1 23. d5 Ne3 24. Bf2 Nxd5 25.
a4 Bd3 26. Nd2 e4 27. c4 e3 0-1

[Event "*** Titled Tuesday Blitz"]
[Site "Chess.com"]
[Date "2018.10.02"]
[Round "5"]
[White "WPWPWP-2015"]
[Black "aquaticpineapples"]
[Result "0-1"]
[WhiteElo "2276"]
[BlackElo "2039"]
[TimeControl "180+2"]
[EndTime "14:01:54 PDT"]
[Termination "aquaticpineapples won by resignation"]

1. d4 d5 2. c4 c6 3. Nf3 Nf6 4. Nc3 e6 5. e3 Bd6 6. b3 Nbd7 7. Be2 O-O 8. O-O Re8 9. cxd5 exd5 10. Bb2 Qe7 11. Rc1 Ne4 12. Ne1 f5 13. Nd3 Rf8 14.
g3 Rf6 15. Re1 Rh6 16. Bf1 Ndf6 17. Nxe4 fxe4 18. Ne5 Bxe5 19. dxe5 Ng4 20. e6 Nxh2 21. Bg2 Bxe6 22. Qd4 Bg4 23. Qe5 Nf3+ 0-1

[Event "*** Titled Tuesday Blitz"]
[Site "Chess.com"]
[Date "2018.10.02"]
[Round "5"]
[White "GHANDEEVAM2003"]
[Black "sergoy"]
[Result "0-1"]
[WhiteElo "2889"]
[BlackElo "2798"]
[TimeControl "180+2"]
[EndTime "14:02:18 PDT"]
[Termination "sergoy won by resignation"]

1. Nf3 Nf6 2. g3 d5 3. Bg2 c6 4. O-O Bf5 5. b3 e6 6. Bb2 h6 7. c4 Nbd7 8. d3 a5 9. Nc3 Be7 10. Re1 Bh7 11. e4 dxe4 12. dxe4 Nc5 13. Qc2 Qd3 14.
Qc1 Qd8 15. Qe3 Qd3 16. Ne5 Qxe3 17. Rxe3 Bd6 18. Nd3 Ng4 19. Nxc5 Bxc5 20. Re2 Rd8 21. Na4 Bd4 22. h3 Bxb2 23. Rxb2 Ne5 24. f4 Nd3 25. Rd2 Ke7 26. Rad1 Nb4 27. Nc5 Rxd2 28. Rxd2 Rd8 29. Rxd8 Kxd8 30. Nxb7+ Kc7 31. Nxa5 Kb6 32. a3 Kxa5 33. axb4+ Kxb4 34. c5 Kxc5 35. e5 Bc2 36. b4+ Kb5 37. Kf2 Ba4 38. Ke3 Kxb4 39. g4 c5 40. f5 c4 41. Kd2 c3+ 42. Kc1 Kc4 0-1

[Event "*** Titled Tuesday Blitz"]
[Site "Chess.com"]
[Date "2018.10.02"]
[Round "5"]
[White "dmosesov"]
[Black "Blagorod"]
[Result "0-1"]
[WhiteElo "2300"]
[BlackElo "2044"]
[TimeControl "180+2"]
[EndTime "14:02:20 PDT"]
[Termination "Blagorod won by resignation"]

1. e4 e5 2. Nf3 Nf6 3. Nxe5 d6 4. Nf3 Nxe4 5. d4 d5 6. Bd3 Nc6 7. O-O Be7 8. c4 Nb4 9. cxd5 Nxd3 10. Qxd3 Qxd5 11.
h3 O-O 12. Nc3 Nxc3 13. bxc3 Bf5 14. Qd1 Be4 15. Ne1 Bd6 16. Nc2 Rad8 17. Ne3 Qc6 18. Qb3 Bf4 19. f3 Bg6 20. Ng4 Bg3 21.
Bg5 Rde8 22. Be3 h5 23. Bf2 Bf4 24. Nh2 Qd6 25. g3 Bxg3 26. Bxg3 Qxg3+ 27. Kh1 Re2 0-1

[Event "*** Titled Tuesday Blitz"]
[Site "Chess.com"]
[Date "2018.10.02"]
[Round "5"]
[White "akretchetov"]
[Black "Turkey-Champion"]
[Result "0-1"]
[WhiteElo "2282"]
[BlackElo "2334"]
[TimeControl "180+2"]
[EndTime "14:02:22 PDT"]
[Termination "Turkey-Champion won by resignation"]

1. d4 Nf6 2. Bg5 Ne4 3. Bf4 d5 4. e3 c5 5. c3 Nc6 6. Bd3 g6 7. Nd2 Nxd2 8. Qxd2 Bg7 9. Nf3 O-O 10. h3 Na5 11.
dxc5 Nc4 12. Bxc4 dxc4 13. Qxd8 Rxd8 14. Nd2 Be6 15. e4 Rac8 16. Be3 f5 17. Ke2 Bf7 18.
Rhd1 e5 19. f3 Bf8 20. b4 Rd3 21. Rac1 a5 22. a3 a4 23. Nf1 Rcd8 24. Rd2 Be7 25.
Rxd3 Rxd3 26. Nd2 Kf8 27. Nb1 Rxe3+ 28. Kxe3 Bg5+ 0-1

[Event "*** Titled Tuesday Blitz"]
[Site "Chess.com"]
[Date "2018.10.02"]
[Round "5"]
[White "francogreek"]
[Black "Siemba"]
[Result "1-0"]
[WhiteElo "2349"]
[BlackElo "1992"]
[TimeControl "180+2"]
[EndTime "14:02:27 PDT"]
[Termination "francogreek won on time"]

1. Nf3 Nf6 2. g3 g6 3. Bg2 Bg7 4. O-O O-O 5. d4 d6 6. b3 Ne4 7. Bb2 c5 8. Nbd2 f5 9. Nxe4 fxe4 10. Ng5 Nc6 11. Bxe4 Nxd4 12. Rb1 h6 13. Nf3 Bf5 14. Nxd4 cxd4 15. Bxf5 Rxf5 16. Bxd4 Rd5 17. c3 Bxd4 18. cxd4 Qb6 19. Qc2 Qxd4 20. Qxg6+ Qg7 21. Qe6+ Qf7 22.
Qxh6 Rh5 23. Qe3 Kg7 24. Qd4+ e5 25. Qg4+ Kh6 26. Rbc1 Rg8 27. Qf3 Qe6 28. Rc7 Rf5 29.
Qe3+ Kg6 30. Qe4 Kf6 31. Qh4+ Kg6 32. Qg4+ Rg5 33. Qxe6+ 1-0

[Event "*** Titled Tuesday Blitz"]
[Site "Chess.com"]
[Date "2018.10.02"]
[Round "5"]
[White "Anton_Demchenko"]
[Black "GrigorGrigorov"]
[Result "1/2-1/2"]
[WhiteElo "2838"]
[BlackElo "2735"]
[TimeControl "180+2"]
[EndTime "14:02:40 PDT"]
[Termination "Game drawn by agreement"]

1. d4 Nf6 2. Bf4 d5 3. e3 e6 4.
Nf3 Bd6 5. Nbd2 O-O 6. Bd3 c5 7. c3 b6 8. Bg3 Ba6 9. Bxa6 Nxa6 10. Qe2 Nb8 11. O-O Bxg3 12. hxg3 Nc6 13. Rad1 Qc7 14. Rfe1 h6 15. a3 Rfe8 16. b4 Ne7 17.
Rc1 c4 18. e4 Nxe4 19. Nxe4 dxe4 20. Qxe4 Nd5 21. a4 Qd7 22. Qc2 a6 23. Ne5 Qc7 24. Re2 b5 25. a5 Rad8 26. Rce1 Nf6 27. Qc1 Rd5 28. Re3 Nd7 29. Nxd7 Qxd7 30. Re5 Qc6 31. Qf4 Red8 32. Qf3 Qc7 33. Rxd5 Rxd5 1/2-1/2

[Event "*** Titled Tuesday Blitz"]
[Site "Chess.com"]
[Date "2018.10.02"]
[Round "5"]
[White "ChristopherYoo"]
[Black "hypert"]
[Result "1-0"]
[WhiteElo "2354"]
[BlackElo "2334"]
[TimeControl "180+2"]
[EndTime "14:02:40 PDT"]
[Termination "ChristopherYoo won by checkmate"]

1. e4 e5 2. Nf3 Nc6 3. Bb5 a6 4. Ba4 Nf6 5. O-O Bd6 6. d4 Nxd4 7. Nxd4 exd4 8. e5 Bxe5 9. Re1 O-O 10. Rxe5 d6 11. Re1 c5 12. c3 b5 13. Bc2 dxc3 14. Nxc3 d5 15. Bg5 Be6 16. Qd3 c4 17. Qd4 b4 18.
Ne2 Rb8 19. Ng3 h6 20. Bxf6 Qxf6 21. Qxf6 gxf6 22. Rad1 Rfd8 23. Rd4 a5 24. Nh5 f5 25. Nf4 Rd6 26. Re5 Kg7 27. Nh5+ Kg6 28. g4 b3 29. gxf5+ Kxh5 30. fxe6+ f5 31. Rxf5+ Kg6 32. Rg4+ Kh7 33. Rf7+ Kh8 34. Rh7# 1-0

[Event "*** Titled Tuesday Blitz"]
[Site "Chess.com"]
[Date "2018.10.02"]
[Round "5"]
[White "Vuk2000"]
[Black "2165149677570"]
[Result "0-1"]
[WhiteElo "2675"]
[BlackElo "2333"]
[TimeControl "180+2"]
[EndTime "14:02:44 PDT"]
[Termination "2165149677570 won by checkmate"]

1. e4 g6 2. d4 Nf6 3. Nc3 d5 4. exd5 Nxd5 5. Nf3 Nxc3 6. bxc3 Bg7 7. Bc4 O-O 8. O-O c5 9. Ba3 b6 10. dxc5 Qc7 11. Bd5 Bb7 12. cxb6 axb6 13. Bxb7 Qxb7 14. Bb4 Nc6 15. a3 Nxb4 16. axb4 Bxc3 17. Rb1 Rfd8 18. Qe2 e6 19. Rb3 Rac8 20. h4 Qd5 21. Qe3 Qc4 22. Qxb6 Rb8 23. Qe3 Bxb4 24. Rfb1 Bd6 25. Qg5 Qc7 26.
Rb7 Rxb7 27. Rxb7 Bh2+ 28. Kf1 Qc4+ 29. Ke1 Qe4+ 30. Qe3 Qxb7 31. Nxh2 Qb1+ 32. Ke2 Qd1# 0-1

[Event "*** Titled Tuesday Blitz"]
[Site "Chess.com"]
[Date "2018.10.02"]
[Round "5"]
[White "robbykevlishvili"]
[Black "Keranke"]
[Result "1-0"]
[WhiteElo "2682"]
[BlackElo "2769"]
[TimeControl "180+2"]
[EndTime "14:02:48 PDT"]
[Termination "robbykevlishvili won by resignation"]

1. e4 g6 2. d4 Bg7 3. Nf3 d6 4. Bc4 Nf6 5. Qe2 O-O 6. O-O c6 7. e5 dxe5 8. dxe5 Nd5 9. Rd1 Qc7 10. h3 Be6 11. Bb3 Nd7 12. Re1 Nc5 13. Nc3 Nxc3 14. bxc3 Rad8 15. Nd4 Bc8 16. Ba3 Nxb3 17. axb3 c5 18. Nf3 b6 19. Bb2 a5 20. c4 Bb7 21.
Bc3 Bc6 22. Ng5 Qb7 23. Qg4 h6 24. Ne4 Kh7 25. h4 Qd7 26. Qf4 Qe6 27. Ng3 h5 28. Ne4 Qg4 29. Ng5+ Kg8 30. Qxg4 hxg4 31. Kh2 Bd7 32.
Kg3 Bf5 33. Re2 Rd7 34. f3 gxf3 35. Kxf3 f6 36. exf6 exf6 37. Ne6 Re8 38. Rae1 Bh8 39. g4 Bxe6 40. Rxe6 Rxe6 41. Rxe6 Rb7 42. Re8+ Kh7 43. Re6 Kg8 44. Rc6 Kf7 45. g5 Bg7 46. gxf6 Bh6 47.
Rc8 Bf8 48. Ke4 Bd6 49. Kd5 Bf4 1-0

[Event "*** Titled Tuesday Blitz"]
[Site "Chess.com"]
[Date "2018.10.02"]
[Round "5"]
[White "Shant_Sargsyan"]
[Black "TastyFrenchFries"]
[Result "1-0"]
[WhiteElo "2905"]
[BlackElo "2418"]
[TimeControl "180+2"]
[EndTime "14:02:50 PDT"]
[Termination "Shant_Sargsyan won by resignation"]

1. d4 e6 2. Nf3 Nf6 3. c4 Bb4+ 4. Bd2 Qe7 5. g3 Nc6 6. e3 Bxd2+ 7. Qxd2 d6 8. Nc3 O-O 9. Bg2 e5 10. O-O Bg4 11.
h3 Bxf3 12. Bxf3 exd4 13. exd4 Qd7 14. Kg2 Rae8 15. Rfe1 Rxe1 16. Rxe1 Re8 17. Rxe8+ Qxe8 18. h4 h6 19. Nb5 Qb8 20. Qe3 a6 21. Nc3 Qe8 22.
Nd5 Qxe3 23. Nxf6+ gxf6 24. fxe3 Nd8 25. Bg4 b6 26.
Kf3 Kf8 27. Ke4 c6 28. b4 a5 29. b5 d5+ 30. cxd5 cxb5 31. d6 Ke8 32. Kd5 b4 33.
Bd1 Kd7 34. Ba4+ Kc8 35. Be8 Kb7 36. e4 Ka6 37. Kc4 Nb7 38. e5 fxe5 39. dxe5 Nd8 40. Kd5 b5 41. Bxf7 a4 42. Bg6 b3 43. axb3 a3 44. Bb1 Kb6 45. e6 Nc6 46. e7 Nb4+ 47.
Ke4 1-0